 Dungeon Crawl Stone Soup version 0.29-a0-25-g7f48f510a0 (webtiles) character file.

Game seed: 17995465057172646327

45 HallandMoats the Skirmisher (level 3, 0/26 HPs)
             Began as an Octopode Fighter on Jan 31, 2022.
             Was an Initiate of Yredelemnul.
             Slain by a goblin (2 damage)
             ... led by Robin
             ... on level 2 of the Dungeon.
             The game lasted 00:01:56 (827 turns).

HallandMoats the Skirmisher (Octopode Fighter)       Turns: 827, Time: 00:01:57

Health: 0/26       AC:  1    Str: 15    XL:     3   Next: 64%
Magic:  2/3        EV: 13    Int: 10    God:    Yredelemnul [......]
Gold:   77         SH:  4    Dex: 13    Spells: 2/2 levels left

rFire   . . .      SeeInvis .   a - +0 trident
rCold   . . .      Faith    .   b - +0 buckler
rNeg    . . .      Spirit   .   (helmet restricted)
rPois   .          Reflect  .   (no amulet)
rElec   .          Harm     .   (no ring)
rCorr   .          Rampage  .   (no ring)
Will    .....                   (no ring)
Stlth   ++........              (no ring)
HPRegen 0.08/turn               (no ring)
MPRegen 0.08/turn               (no ring)
                                (no ring)
                                (no ring)

@: no status effects
A: almost no armour, amphibious, 8 rings, camouflage 1, gelatinous body 1,
(nimble swimmer 1), tentacles
a: Renounce Religion, Recall Undead Harvest


You were on level 2 of the Dungeon.
You worshipped Yredelemnul.
Yredelemnul was noncommittal.
You visited 1 branch of the dungeon, and saw 2 of its levels.

You collected 77 gold pieces.

Inventory:

Hand Weapons
 a - a +0 trident (weapon)
Armour
 b - a +0 buckler (worn)
Scrolls
 e - a scroll of silence {unknown}
 f - a scroll of blinking {unknown}
Potions
 c - a potion of might
 d - a potion of heal wounds {unknown}


   Skills:
 * Level 3.5 Fighting
 * Level 2.7 Polearms
 + Level 3.1 Dodging
 + Level 3.2 Shields
 + Level 0.8 Invocations


You had 2 spell levels left.
You didn't know any spells.
Your spell library was empty.

Dungeon Overview and Level Annotations

Branches:
Dungeon (2/15)

Altars:
Yredelemnul

Shops:
D:1 [(!


Innate Abilities, Weirdness & Mutations

You cannot wear most types of armour.
You are amphibious.
You can wear up to eight rings at the same time.
Your skin changes colour to match your surroundings (Stealth+).
Your rubbery body absorbs attacks. (AC +1, EV +1)
((You are camouflaged when in or above water. (Stealth+)))
You have tentacles for arms and can constrict up to eight enemies at once.


Message History

You block the goblin's attack.
You hit Robin. Your grab misses Robin.
Robin is lightly wounded.
The goblin barely misses you. Robin closely misses you.
The goblin closely misses you.
Unknown command.
The goblin shouts!
You puncture Robin! You grab Robin. You squeeze Robin!
You kill Robin!
You hear a shout! x2
You block the goblin's attack.
Unknown command.
You hit the goblin.
You kill the goblin!
A black mist starts to gather...
A goblin comes into view. It is wielding a +0 club.
The hobgoblin hits you.
Unknown command.
You are too injured to fight recklessly!
Unknown command.
You are too injured to fight recklessly!
Unknown command.
You are too injured to fight recklessly!
Unknown command.
You are too injured to fight recklessly!
Unknown command.
You are too injured to fight recklessly!
Unknown command.
You barely miss the hobgoblin. Your grab misses the hobgoblin.
You squeeze the hobgoblin.
The hobgoblin is lightly wounded.
The goblin hits you with a +0 dagger. The hobgoblin hits you.
* * * LOW HITPOINT WARNING * * *
The goblin hits you with a +0 dagger.
* * * LOW HITPOINT WARNING * * *
The goblin hits your goblin zombie with a +0 dagger.
The goblin misses you. The hobgoblin barely misses you.
The goblin hits you with a +0 dagger.
You die...
Your body rises from the dead as a mindless zombie.

########
#......#
##g.....##
#@gZ......
##gg....#
#gg....#
.g.....+
........#
g..g.....:.
g.g....####.
g.#.g#..#
##.#.g ..#


You could see 2 hobgoblins, 6 goblins and a friendly goblin zombie.

Vanquished Creatures
  Robin (D:2)
  A dart slug (D:1)
  3 endoplasms (D:1)
  2 giant cockroaches (D:1)
  3 hobgoblins (D:1)
  2 kobolds (D:1)
  3 ball pythons (D:1)
  2 bats (D:1)
  4 frilled lizards (D:1)
  6 goblins
  2 rats (D:1)
29 creatures vanquished.

Vanquished Creatures (collateral kills)
  A ball python (D:1)
1 creature vanquished.

Vanquished Creatures (others)
  A frilled lizard zombie (D:1)
  A goblin zombie (D:2)
2 creatures vanquished.

Grand Total: 32 creatures vanquished

Notes
Turn   | Place    | Note
-------+----------+-------------------------------------------
     0 | D:1      | HallandMoats the Octopode Fighter began the quest for the
                  | Orb.
     0 | D:1      | Reached XP level 1. HP: 16/16 MP: 1/1
    93 | D:1      | Found Ytuargh's Distillery.
   151 | D:1      | Reached XP level 2. HP: 21/21 MP: 2/2
   306 | D:1      | Found Daes's Antique Weapon Boutique.
   381 | D:1      | Found a faded altar of an unknown god.
   398 | D:1      | Prayed at the altar of an unknown god.
   398 | D:1      | Became a worshipper of Yredelemnul the Dark
   398 | D:1      | Reached * piety under Yredelemnul
   423 | D:1      | Reached XP level 3. HP: 25/26 MP: 3/3
   474 | D:1      | Reached ** piety under Yredelemnul
   530 | D:1      | Found Orghot's Antique Armour Emporium.
   814 | D:2      | Noticed Robin
   824 | D:2      | Killed Robin
   827 | D:2      | Slain by a goblin

Illustrated notes

Levels and vault maps discovered:
D:1:      dpeg_arrival_simpleton_b, layout_loops_ring,
          ebering_ecumenical_altar_webs, serial_shops, nicolae_lakefront_shop,
          nicolae_shop_trees, shop
D:2:      layout_basic, basic_altar, uniq_sigmund, uniq_robin

Action                   || total
-------------------------++-------
Melee: Trident           ||    55
       Constrict         ||     9
       Tentacles         ||     5
Invok: Recall Undead Har ||     1
 Stab: Sleeping          ||     5
       Distracted        ||     2
Dodge: Dodged            ||    21
Block: Buckler           ||     9

Table legend: (Time is in decaauts)
 A = Elapsed time spent in this place.
 B = Non-inter-level travel time spent in this place.
 C = Inter-level travel time spent in this place.
 D = Time resting spent in this place.
 E = Time spent auto-exploring this place.
 F = Levels seen in this place.
 G = Mean time per level.
                   A        B        C        D        E       F      G
               +--------+--------+--------+--------+--------+-----+--------+
         Total |    840 |    788 |     52 |      0 |    618 |   2 |  420.0 |
       Dungeon |    840 |    788 |     52 |      0 |    618 |   2 |  420.0 |
               +--------+--------+--------+--------+--------+-----+--------+

Top non-repeatable levels by time:
     D:1: 823 daAuts
     D:2: 16 daAuts
